 Dungeon Crawl Stone Soup version 0.30-a0-800-g7c544603b3 (webtiles) character file.

Game seed: 12494840109102396966

1478903 freelancePsychic the Slayer (level 26, 251/251 HPs)
             Began as a Red Draconian Monk on Feb 20, 2023.
             Was the Champion of Vehumet.
             Escaped with the Orb
             ... and 3 runes on Feb 21, 2023!
             The game lasted 03:07:54 (90590 turns).

freelancePsychic the Slayer (Red Draconian Monk)   Turns: 90590, Time: 03:07:54

Health: 251/251    AC: 23    Str: 17    XL:     26   Next: 40%
Magic:  44/44      EV: 29    Int: 29    God:    Vehumet [******]
Gold:   3875       SH: 10    Dex: 21    Spells: 11/59 levels left

rFire   + + .      SeeInvis .    S - +0 staff of Battle
rCold   . . .      Faith    .    X - +3 buckler {rF+}
rNeg    . . .      Spirit   .    (body armour unavailable)
rPois   .          Reflect  .    V - +2 hat
rElec   .          Harm     .    F - +2 cloak {Stlth+}
rCorr   .          Rampage  .    H - +2 pair of gloves {Str+3}
Will    +....                    a - +2 pair of boots
Stlth   ++                       W - amulet "Javunk" {Acrobat Int+2}
HPRegen 0.61/turn                u - +6 ring of intelligence
MPRegen 0.29/turn                M - +6 ring of dexterity

@: studying Hexes
A: breathe fire, AC +12, unfitting armour, fire resistance 1, cold-blooded,
sense surroundings 1
0: Orb of Zot
}: 3/15 runes: barnacled, slimy, gossamer
a: Breathe Fire, Renounce Religion


You escaped.
You worshipped Vehumet.
Vehumet was exalted by your worship.
You visited 11 branches of the dungeon, and saw 54 of its levels.
You also visited: Bailey, Gauntlet, Ice Cave and Desolation.

You collected 7439 gold pieces.
You spent 3564 gold pieces at shops.

Inventory:

Hand Weapons
 S - the +0 staff of Battle (weapon)
   (You found it on level 3 of the Elven Halls)

   It enhances your conjuration magic.
   It summons a battlesphere in combat, with strength depending on Conjurations
   skill.
   Its strikes trigger the battlesphere's blasts.
Missiles
 m - a throwing net
Armour
 a - a +2 pair of boots (worn)
 F - a +2 cloak of stealth (worn)
 H - a +2 pair of gloves of strength (worn)
 V - a +2 hat (worn)
 X - a +3 buckler of fire resistance (worn)
Magical Staves
 j - a staff of earth
Jewellery
 e - a ring of protection from cold
 g - the ring of Shadows {Umbra +Inv Stlth+}
   (You found it on level 3 of the Crypt)

   [ring of stealth]

   Umbra:     It surrounds you with an aura of shadow, increasing your stealth
   and reducing the accuracy of all others within it.
   +Inv:      It lets you turn invisible.
   Stlth:     It makes you more stealthy.
 o - a ring of wizardry
 u - a +6 ring of intelligence (left hand)
 v - a +5 ring of evasion
 I - an amulet of reflection
 J - the ring of Othrom Xosky {rF+ rN+ Str+2}
   (You found it in the Desolation of Salt)

   [ring of protection from fire]

   Str:       It affects your strength (+2).
   rF:        It protects you from fire.
   rN:        It protects you from negative energy.
 M - a +6 ring of dexterity (right hand)
 T - a ring of ice
 W - the amulet "Javunk" (around neck) {Acrobat Int+2}
   (You took it off a kobold on level 11 of the Dungeon)

   [amulet of the acrobat]

   It increases your evasion while moving and waiting.
   Int:       It affects your intelligence (+2).
Wands
 w - a wand of light (23)
 E - a wand of iceblast (18)
 O - a wand of flame (89)
 P - a wand of charming (53)
 Q - a wand of mindburst (45)
 R - a wand of digging (2)
Scrolls
 c - a scroll of magic mapping
 q - 7 scrolls of poison
 t - 3 scrolls of fog
 x - 5 scrolls of brand weapon
 A - 9 scrolls of enchant weapon
 B - 3 scrolls of silence
 C - 18 scrolls of teleportation {@r4}
 K - a scroll of blinking
 L - 5 scrolls of immolation
 N - 8 scrolls of fear
 U - a scroll of summoning
 Z - 56 scrolls of identify {@r1}
Potions
 b - 8 potions of ambrosia
 d - 2 potions of cancellation
 f - 2 potions of invisibility
 h - 10 potions of might
 i - 5 potions of haste {@q3}
 k - 10 potions of lignification
 l - 8 potions of mutation
 n - 6 potions of brilliance
 p - 12 potions of curing {@q1}
 r - 4 potions of magic
 s - 5 potions of flight
 y - 2 potions of berserk rage
 z - 2 potions of attraction
 D - 14 potions of resistance
 G - 8 potions of heal wounds {@q2}
Miscellaneous
 Y - a phantom mirror


   Skills:
 + Level 23.4 Fighting
 - Level 3.2 Long Blades
 - Level 12.0 Staves
 + Level 22.5 Dodging
 - Level 7.5 Stealth
 - Level 7.0 Shields
 + Level 17.0 Spellcasting
 - Level 17.0 Conjurations
 - Level 8.0 Hexes
 - Level 10.0 Summonings
 - Level 0.3 Translocations
 - Level 10.0 Transmutations
 - Level 18.0 Fire Magic
 - Level 2.0 Ice Magic
 - Level 4.5 Air Magic
 - Level 13.3 Earth Magic
 - Level 7.6 Poison Magic


You had 11 spell levels left.
You knew the following spells:

 Your Spells              Type           Power      Damage    Failure   Level
a - Lehudib's Crystal Sp  Conj/Erth      53%        10d12     9%          8
b - Statue Form           Tmut/Erth      50%        N/A       3%          6
c - Ignite Poison         Fire/Tmut/Pois 76%        N/A       1%          3
d - Ignition              Fire           46%        3d13      2%          8
e - Spellforged Servitor  Conj/Summ      50%        N/A       2%          7
f - Iron Shot             Conj/Erth      53%        9d10      1%          6
h - Irradiate             Conj/Tmut      50%        3d28      1%          5
i - Yara's Violent Unrav  Hex/Tmut       33%        3d14      1%          5

Your spell library contained the following spells:

 Spells                   Type           Power      Damage    Failure   Level
 Fire Storm               Conj/Fire      56%        8d14      41%         9
 Maxwell's Capacitive Co  Air            25%        ∞         99%         8
 Foxfire                  Conj/Fire      100%       2x1d9     0%          1
 Magic Dart               Conj           100%       1d8       0%          1
 Sandblast                Erth           100%       2d20      0%          1
 Searing Ray              Conj           100%       2d8       0%          2
 Stone Arrow              Conj/Erth      100%       3d13      0%          3
 Flame Wave               Conj/Fire      100%       2d21      0%          4
 Sticky Flame             Conj/Fire      100%       2d11      0%          4
 Apportation              Tloc           52%        N/A       1%          1
 Freeze                   Ice            100%       1d10      1%          1
 Kiss of Death            Conj/Necr      100%       2d13      1%          1
 Shock                    Conj/Air       100%       1d9       1%          1
 Sting                    Tmut/Pois      100%       1d8       1%          1
 Summon Small Mammal      Summ           100%       N/A       1%          1
 Cigotuvi's Dreadful Rot  Necr/Pois/Air  96%        N/A       1%          2
 Passwall                 Tmut/Erth      62%        N/A       1%          2
 Poisonous Vapours        Pois/Air       100%       N/A       1%          2
 Static Discharge         Conj/Air       100%       2-7/arc   1%          2
 Call Canine Familiar     Summ           70%        N/A       1%          3
 Dazzling Flash           Conj/Hex       100%       N/A       1%          3
 Hailstorm                Conj/Ice       88%        3d18      1%          3
 Inner Flame              Hex/Fire       79%        N/A       1%          3
 Kindle Blastsparks       Fire/Tloc/Air  100%       2d18      1%          3
 Mephitic Cloud           Conj/Pois/Air  89%        N/A       1%          3
 Portal Projectile        Hex/Tloc       98%        N/A       1%          3
 Summon Guardian Golem    Hex/Summ       67%        N/A       1%          3
 Swiftness                Air            50%        N/A       1%          3
 Tukima's Dance           Hex            63%        N/A       1%          3
 Airstrike                Air            25%        2d(4-20)  1%          4
 Fulminant Prism          Conj/Hex       49%        3d21      1%          4
 Ice Form                 Ice/Tmut       56%        N/A       1%          4
 Iskenderun's Mystic Bla  Conj/Tloc      85%        2d17      1%          4
 Leda's Liquefaction      Hex/Erth       36%        N/A       1%          4
 Olgreb's Toxic Radiance  Pois           62%        N/A       1%          4
 Petrify                  Tmut/Erth      75%        N/A       1%          4
 Summon Ice Beast         Ice/Summ       56%        N/A       1%          4
 Summon Lightning Spire   Summ/Air       61%        N/A       1%          4
 Alistair's Intoxication  Tmut/Pois      44%        N/A       1%          5
 Arcjolt                  Conj/Air       46%        1d56      1%          5
 Blade Hands              Tmut           35%        N/A       1%          5
 Fireball                 Conj/Fire      56%        3d22      1%          5
 Freezing Cloud           Conj/Ice/Air   40%        6-21      1%          5
 Iskenderun's Battlesphe  Conj           100%       2d15      1%          5
 Lee's Rapid Deconstruct  Erth           40%        3d20*     1%          5
 Lightning Bolt           Conj/Air       46%        1d66      1%          5
 Conjure Ball Lightning   Conj/Air       46%        3x3d16    1%          6
 Starburst                Conj/Fire      56%        6d15      1%          6
 Orb of Destruction       Conj           55%        9d14      1%          7
 Necrotise                Necr           96%        1d8       2%          1
 Vhi's Electric Charge    Tloc/Air       78%        N/A       2%          3
 Eringya's Noxious Bog    Tmut/Pois      33%        N/A       2%          6
 Blink                    Tloc           52%        N/A       3%          2
 Lesser Beckoning         Tloc           52%        N/A       3%          2
 Sublimation of Blood     Necr           24%        N/A       3%          2
 Ozocubu's Armour         Ice            36%        N/A       3%          3
 Anguish                  Hex/Necr       23%        N/A       4%          4
 Borgnjor's Vile Clutch   Necr/Erth      29%        N/A       4%          5
 Silence                  Hex/Air        28%        N/A       4%          5
 Gell's Gravitas          Tloc           26%        N/A       6%          3
 Teleport Other           Tloc           26%        N/A       6%          3
 Vampiric Draining        Necr           24%        2d7       7%          3
 Manifold Assault         Tloc           26%        N/A       21%         4
 Passage of Golubria      Tloc           26%        N/A       21%         4
 Animate Dead             Necr           24%        N/A       22%         4
 Dispel Undead            Necr           24%        3d12      22%         4
 Dragon Form              Tmut           35%        N/A       32%         7
 Agony                    Necr           24%        N/A       54%         5
 Enfeeble                 Hex            31%        N/A       58%         7
 Storm Form               Tmut/Air       30%        N/A       69%         7
 Ozocubu's Refrigeration  Ice            18%        4d11      88%         7
 Simulacrum               Ice/Necr       15%        N/A       93%         6
 Malign Gateway           Summ/Tloc      26%        N/A       93%         7
 Haunt                    Necr/Summ      26%        N/A       94%         7
 Summon Horrible Things   Summ           35%        N/A       94%         8
 Dispersal                Tloc           13%        N/A       97%         6
 Death Channel            Necr           12%        N/A       98%         6
 Discord                  Hex            31%        N/A       99%         8
 Disjunction              Tloc           13%        N/A       100%        8
 Infestation              Necr           12%        N/A       100%        8
 Necromutation            Tmut/Necr      26%        N/A       100%        8
 Polar Vortex             Ice            18%        N/A       100%        9


Dungeon Overview and Level Annotations

Branches:
Dungeon (15/15)            Temple (0/1) D:4            Lair (5/5) D:9
 Shoals (4/4) Lair:3       Spider (4/4) Lair:2        Slime (5/5) Lair:5
    Orc (2/2) D:11            Elf (3/3) Orc:2        Vaults (4/5) D:14
  Crypt (3/3) Vaults:3       Tomb (0/3) Crypt:3      Depths (4/4) D:15
    Zot (5/5) Depths:4     Bailey (visited)           IceCv (visited)
Desolation (visited)      Gauntlet (visited)

Altars:
Ashenzari
Dithmenos
Elyvilon
Gozag
Kikubaaqudgha
Makhleb
Qazlal
Sif Muna
Trog
Uskayaw
Vehumet
Xom
Zin
The Shining One
Jiyva

Shops:
D:3 (   D:9 *   D:10 *[   D:12 *   Orc:2 (:(*!   Elf:1 (   Vaults:3 :***
Depths:1 :*[   Depths:4 =::

Portals:
Hell: Depths:1 Depths:2 Depths:4
Abyss: Depths:2 Depths:3
Pandemonium: Orc:2 Depths:2 Depths:4
Ziggurat: Depths:2
Trove: Depths:4 (give +7 demon blade)

Annotations:
D:8 1 runed translucent door, lotum's ghost, novice DsHW
D:9 3 runed translucent doors, patfeehan111222's ghost, novice MiBe
Elf:2 3 runed translucent doors
Crypt:1 exclusions: 2 doors, jiangshi and skeleton, Jory
Depths:1 36 runed doors
Depths:3 3 exclusions
Zot:3 exclusions: draconian stormcaller and 2 more exclusions


Innate Abilities, Weirdness & Mutations

You can breathe blasts of fire.
Your fiery red scales are hard. (AC +12)
You cannot fit into any form of body armour.
Your flesh is heat resistant. (rF+)
You are cold-blooded and may be slowed by cold attacks.
You passively map a small area around you.


Message History

There is a stone staircase leading up here.
You climb upwards.
Your summoned ally is left behind.
Your battlesphere wavers and loses cohesion.
There is a stone staircase leading down here.
(D) Dungeon (T) Temple (L) Lair (A) Shoals (N) Spider Nest (M) Slime Pits (O) Orcish Mines (E) Elven Halls (V) Vaults (C) Crypt (W) Tomb (U) Depths (H) Hell (Z) Zot
Where to? (Enter - D:1 @ (x,y), ? - help)
An Orb Guardian comes into view.
You conjure a globe of magical energy.
You feel a surge of power!
The iron shot hits the Orb Guardian!!
The Orb Guardian is moderately wounded.
Your battlesphere fires!
The barrage of energy hits the Orb Guardian.
The Orb Guardian is heavily wounded.
You feel a surge of power!
The iron shot hits the Orb Guardian!!!
You kill the Orb Guardian!
Vehumet accepts your kill.
You feel your power returning.
You can't see any susceptible monsters within range! (Use Z to cast anyway.)
(D) Dungeon (T) Temple (L) Lair (A) Shoals (N) Spider Nest (M) Slime Pits (O) Orcish Mines (E) Elven Halls (V) Vaults (C) Crypt (W) Tomb (U) Depths (H) Hell (Z) Zot
Where to? (Enter - D:1 @ (x,y), ? - help)
There is a stone staircase leading up here.
You climb upwards.
Your summoned ally is left behind.
Your battlesphere wavers and loses cohesion.
There is a stone staircase leading down here.
Magic restored.
There is a stone staircase leading up here.
You climb upwards.
There is a stone staircase leading down here.
You open the door.
There is an open door here.
You enter the shallow water.
Moving in this stuff is going to be slow.
There is a staircase leading out of the dungeon here.
You have escaped!

##.....#....######.##.###.###.#
#......+......................#
#......#######.######...#.#####
###......##~~~~♣.♣~~~~#.....)....
..#.#######~...♣.♣...~#....######
#.#.#######~.♣.....P.~#....######
.....(....#~♣♣♣...PPP~#..........
..........#♣.♣.....P.♣#..########
##.........~....@....~...........
....†.....#♣.P.......♣####..#####
..........#~PPP......~# #..# #
..........#~.P.......~# #).# #
..#.......#~~~~♣~♣~~~~# #..#####
..#.############'#########.......
..#.##########..........##.######
........................##.# #
.##.##########..........##.#### #


There were no monsters in sight!

Vanquished Creatures
  the Royal Jelly (Slime:5)
  2 dread liches (Zot:5)
  2 orbs of fire (Zot:5)
  2 ancient liches (Zot:5)
  A royal mummy (Crypt:3)
  5 Killer Klowns
  Saint Roka (Elf:3)
  Bai Suzhen (Shoals:3)
  7 caustic shrikes
  A curse toe (Zot:3)
  3 golden dragons
  A bone dragon (Crypt:1)
  A Tzitzimitl (D:6)
  An electric golem (Zot:5)
  7 tentacled monstrosities
  Rupert (D:14)
  3 deep elf blademasters (Elf:3)
  19 Orb Guardians
  A titan (Shoals:4)
  A lich (Crypt:2)
  A walking frostbound tome (Depths:3)
  11 acid blobs
  4 deep elf master archers (Elf:3)
  4 quicksilver dragons
  Gastronok (D:11)
  11 death cobs
  6 sphinxes
  Kirke (Shoals:1)
  A kraken (Shoals:4)
  Polyphemus (Shoals:4)
  3 shadow dragons
  2 ancient champions
  3 tengu reavers
  4 storm dragons
  2 fire giants (Depths:2)
  Ilsuiw (Shoals:3)
  A revenant (Crypt:1)
  3 draconian monks
  Donald (Shoals:4)
  8 rockslimes (Slime:5)
  9 azure jellies
  13 vault wardens
  An iron dragon (Depths:3)
  4 draconian knights
  4 spectral caustic shrikes (Depths:4)
  3 frost giants
  6 draconian scorchers
  8 deep elf sorcerers
  2 emperor scorpions (Spider:4)
  2 draconian shifters
  2 curse skulls
  5 ghost moths
  2 imperial myrmidons (Desolation)
  4 draconian stormcallers
  3 deep elf elementalists (Elf:3)
  2 war gargoyles (Vaults:3)
  10 ironbound preservers
  6 draconian annihilators
  9 broodmothers
  A spriggan defender (Depths:3)
  2 orc warlords (Vaults:2)
  A juggernaut skeleton (Crypt:3)
  5 ghouls
  A reaper (Crypt:2)
  12 very ugly things
  6 green draconians
  7 quicksilver oozes
  6 vampire knights
  4 stone giants
  5 ironbound thunderhulks
  2 deep elf demonologists
  Nessos (D:14)
  2 lorocyprocas
  A demonspawn black sun (Depths:4)
  5 black draconians
  11 dire elephants
  15 spark wasps
  9 yellow draconians
  2 halazid warlocks (Desolation)
  2 white draconians
  4 deep elf annihilators (Elf:3)
  4 purple draconians
  5 red draconians
  A minotaur (Gauntlet)
  3 eidola
  4 ettins
  An ettin (shapeshifter) (Vaults:1)
  10 merfolk javelineers
  10 deep elf death magi
  3 mummy priests (Crypt:3)
  5 ragged hierophants (Desolation)
  A blizzard demon (Zot:3)
  2 crystal guardians
  5 jiangshi
  7 fire dragons
  2 deep elf high priests (Elf:3)
  A spriggan zombie (Crypt:3)
  5 great orbs of eyes
  10 merfolk impalers
  8 yaktaur captains
  4 servants of whispers (Desolation)
  9 entropy weavers
  9 vault guards
  2 ice dragons (Depths:3)
  3 jorogumos
  8 rakshasas
  9 peacekeepers
  5 spriggan air magi
  11 ironbound frosthearts
  2 catoblepae
  3 hydras
  5 death knights
  3 demonspawn (Orc:2)
  9 centaur warriors
  An ogre mage (Vaults:3)
  4 merfolk aquamancers (Shoals:4)
  A satyr (Shoals:3)
  A spriggan skeleton (Crypt:3)
  3 merfolk avatars
  8 boulder beetles
  26 dancing weapons
  2 radroaches (Spider:3)
  6 two-headed ogres
  7 tengu warriors
  An alligator snapping turtle (Shoals:3)
  4 deep troll earth magi
  2 deep troll shamans (Depths:4)
  9 vampire magi
  7 orc high priests
  8 death yaks
  Urug (D:14)
  A quicksilver ooze zombie (Crypt:1)
  2 sun demons (Depths:4)
  6 spriggan berserkers
  8 skysharks
  5 hell knights (Depths:2)
  5 soul eaters
  15 deep elf knights
  A sun moth (Spider:4)
  4 iron trolls
  3 sixfirhies
  24 skeletal warriors
  3 shadow wraiths
  A cherub (Depths:3)
  7 pharaoh ants
  13 orb spiders
  15 sea snakes
  26 ironbound convokers
  A bunyip skeleton (Crypt:2)
  11 wizards
  5 glowing orange brains
  An obsidian statue (Zot:5)
  2 bog bodies
  3 shadow demons
  32 deep trolls
  9 steelbarb worms
  10 orc knights
  5 lindwurms
  6 deep elf archers
  11 phantasmal warriors
  26 deep elf pyromancers
  24 harpies
  A fire giant zombie (Vaults:3)
  An anaconda skeleton (Crypt:3)
  An eleionoma zombie (Crypt:1)
  6 shining eyes
  6 necromancers
  2 wolf spider zombies (Crypt:1)
  4 cyclopes
  28 deep elf zephyrmancers
  8 orc sorcerers
  15 moths of wrath
  27 wolf spiders
  16 manticores
  An oklob plant (Lair:5)
  A shadow dragon skeleton (Vaults:3)
  5 fauns
  37 ugly things
  14 vault sentinels
  2 centaur zombies (Crypt:1)
  An eye of devastation (Slime:5)
  5 elephants (Lair:2)
  3 rust devils
  9 water nymphs
  3 ice statues
  A titan simulacrum (Crypt:2)
  3 guardian serpents (Desolation)
  11 demonic crawlers
  10 merfolk sirens
  3 molten gargoyles (Lair:5)
  A gargoyle (D:9)
  6 black mambas
  6 torpor snails
  7 centaur skeletons (Crypt:1)
  A dire elephant skeleton (Crypt:3)
  3 orange demons (D:11)
  6 cane toads
  3 rime drakes
  2 smoke demons (Depths:4)
  A tormentor (D:14)
  2 efreet
  2 tengu conjurers (Depths:3)
  2 kobold demonologists
  41 yaktaurs
  8 ice devils
  A sea snake skeleton (Crypt:3)
  13 komodo dragons
  23 guardian mummies (Crypt:3)
  3 hellwings
  5 anaconda simulacra (IceCv)
  4 red devils
  2 harpy zombies (Crypt:1)
  A white draconian skeleton (Crypt:2)
  13 wind drakes
  3 polar bears (Lair:2)
  12 trolls
  3 meliai (Spider:3)
  2 minotaur skeletons (Crypt:2)
  37 tarantellas
  21 merfolk
  2 harpy skeletons (Crypt:1)
  A mana viper skeleton (Crypt:2)
  Grinder (D:2)
  11 hornets
  40 saltlings (Desolation)
  11 snapping turtles
  3 dream sheep (Shoals:1)
  10 blink frogs (Lair:3)
  An ettin zombie (Crypt:3)
  80 slime creatures
  3 flying skulls (Crypt:2)
  A culicivora (shapeshifter) (Depths:3)
  5 spriggans
  9 air elementals
  3 dire elephant simulacra (IceCv)
  Sigmund (D:4)
  A vampire (D:13)
  A ynoxinul (Depths:4)
  49 jumping spiders
  36 culicivoras
  6 ushabtiu (Crypt:3)
  18 water elementals
  6 wraiths
  4 wyverns
  A shadow (D:13)
  2 hogs (Shoals:1)
  A black mamba skeleton (Crypt:2)
  43 yaks
  6 basilisks
  3 fire bats (Lair:1)
  5 chaos spawn
  16 humans (D:14)
  86 redbacks
  3 steam dragons
  4 vampire mosquitoes (D:14)
  2 neqoxecs
  A wind drake skeleton (Crypt:3)
  A harpy simulacrum (Crypt:2)
  8 wargs
  A two-headed ogre zombie (Crypt:3)
  3 acid dragons
  2 hydra simulacra (IceCv)
  17 water moccasins
  2 floating eyes (Gauntlet)
  5 hell hounds (Lair:5)
  A spectral hornet (Gauntlet)
  A black bear (Lair:4)
  A hornet zombie (Crypt:1)
  48 orc warriors
  2 boggarts (Depths:3)
  A sky beast (D:7)
  A dream sheep skeleton (Crypt:3)
  A lindwurm skeleton (Crypt:1)
  A torpor snail zombie (Crypt:3)
  A snapping turtle skeleton (Crypt:2)
  4 phantoms
  6 wolves
  5 centaurs
  5 ogres
  3 kobold brigands
  16 bullfrogs
  6 necrophages
  An elf skeleton (Crypt:2)
  3 earth elementals (Elf:2)
  An entropy weaver simulacrum (Vaults:3)
  5 scorpions
  7 wights
  A wyvern skeleton (Crypt:2)
  3 elephant simulacra
  A polar bear skeleton (Crypt:1)
  5 electric eels
  A shapeshifter skeleton (Crypt:2)
  4 lava snakes (Lair:5)
  2 howler monkeys
  2 jellies (D:5)
  2 gnoll boudas
  2 hounds
  28 orc priests
  Ijyb (D:5)
  6 hell rats (Lair:3)
  4 boggart zombies
  24 orc wizards
  A polar bear simulacrum (Lair:2)
  2 spriggan simulacra (IceCv)
  A killer bee zombie (Crypt:1)
  A boggart skeleton (Crypt:1)
  9 mummies (Crypt:3)
  22 gnolls
  4 adders
  2 naga simulacra (IceCv)
  A swamp drake skeleton (Crypt:1)
  A shadow imp (D:6)
  2 white imps
  3 ufetubi
  A worm (D:4)
  2 dart slugs
  90 orcs
  4 ball pythons
  3 bats (D:1)
  4 endoplasms (D:1)
  A giant cockroach (D:4)
  11 hobgoblins
  4 jackals (D:5)
  A quokka (D:1)
  13 goblins
  26 kobolds
  5 rats
  2 tentacles (Shoals:4)
2269 creatures vanquished.

Vanquished Creatures (collateral kills)
  An ancient lich (Zot:5)
  An orb of fire (Zot:5)
  2 juggernauts
  A Killer Klown (Zot:3)
  2 caustic shrikes
  4 golden dragons (Zot:1)
  An electric golem (Zot:5)
  A bone dragon (Depths:4)
  10 Orb Guardians (Zot:5)
  2 liches
  6 tentacled monstrosities
  A quicksilver dragon (Zot:3)
  A sphinx (Depths:2)
  3 storm dragons
  A shadow dragon (Zot:3)
  4 draconian knights
  2 fire giants
  2 vault wardens (Vaults:3)
  A ghost moth (Zot:4)
  6 draconian scorchers
  A frost giant (Depths:2)
  A spriggan defender (Depths:3)
  A curse skull (Crypt:3)
  A reaper (Crypt:3)
  2 draconian annihilators (Zot:4)
  2 draconian stormcallers
  2 very ugly things
  An ironbound thunderhulk (Vaults:3)
  2 stone giants
  An ironbound preserver (Vaults:3)
  A vampire knight (Crypt:1)
  2 green draconians
  A dire elephant (Vaults:4)
  4 yellow draconians
  A black draconian (Zot:1)
  3 red draconians
  A white draconian (Zot:5)
  A purple draconian (Zot:2)
  2 spark wasps (Depths:4)
  A deep elf death mage (Crypt:3)
  3 jiangshi
  2 ettins (Depths:2)
  A mummy priest (Crypt:3)
  A fire dragon (Depths:3)
  2 yaktaur captains (Vaults:3)
  3 great orbs of eyes
  7 ice dragons
  2 ironbound frosthearts (Vaults:3)
  A death knight (Vaults:3)
  2 deep troll shamans
  A vampire mage (Depths:2)
  2 deep troll earth magi
  A tengu warrior (D:15)
  A hell knight (Depths:3)
  A skeletal warrior (Crypt:3)
  A spriggan (Depths:3)
  An iron troll (Depths:2)
  4 deep trolls
  A flayed ghost (Depths:2)
  5 bog bodies (Crypt:3)
  3 harpies (Vaults:3)
  2 ironbound convokers
  2 phantasmal warriors (Crypt:1)
  A necromancer (Vaults:3)
  A lindwurm (Vaults:3)
  An anaconda skeleton (Crypt:3)
  2 orc knights
  7 ugly things
  5 moths of wrath
  A freezing wraith (Crypt:3)
  3 yaktaurs
  15 guardian mummies (Crypt:3)
  A hornet (Depths:3)
  6 slime creatures
  3 ushabtiu (Crypt:3)
  An orc warrior (Vaults:4)
  A cyclops skeleton (Crypt:3)
  A mummy (Crypt:3)
181 creatures vanquished.

Vanquished Creatures (others)
  A death cob (Zot:4)
  A red draconian (Zot:5)
  An ice dragon (Depths:2)
  A deep elf archer (Elf:1)
  A deep elf zephyrmancer (Elf:3)
  A deep elf pyromancer (Elf:1)
  A merfolk siren (Shoals:1)
  A fire elemental (Elf:1)
  An electric eel (D:15)
  A bush (Depths:4)
  14 demonic plants (Gauntlet)
  14 fulminant prisms
  14 fungi
  66 plants
  2 tentacles (Shoals:4)
  5 toadstools (D:1)
  6 withered plants
131 creatures vanquished.

Grand Total: 2581 creatures vanquished

Notes
Turn   | Place    | Note
-------+----------+-------------------------------------------
     0 | D:1      | freelancePsychic the Draconian Monk began the quest for the
                  | Orb.
     0 | D:1      | Reached XP level 1. HP: 19/19 MP: 1/1
   164 | D:1      | Reached XP level 2. HP: 22/26 MP: 2/2
   192 | D:1      | Found Ucaesm's Distillery.
   239 | D:1      | Bought a potion of degeneration for 10 gold pieces
   306 | D:1      | Found a faded altar of an unknown god.
   368 | D:1      | Prayed at the altar of an unknown god.
   368 | D:1      | Became a worshipper of Vehumet
   368 | D:1      | Reached * piety under Vehumet
   368 | D:1      | Offered knowledge of Freeze by Vehumet.
   368 | D:1      | Reached ** piety under Vehumet
   371 | D:1      | Learned a level 1 spell: Freeze
   403 | D:1      | Offered knowledge of Momentum Strike by Vehumet.
   659 | D:1      | Offered knowledge of Stone Arrow by Vehumet.
   667 | D:1      | Reached *** piety under Vehumet
   710 | D:1      | Reached XP level 3. HP: 26/31 MP: 3/3
  1295 | D:1      | Bought 2 potions of curing for 60 gold pieces
  1965 | D:3      | Found an ancient bone altar of Kikubaaqudgha.
  2022 | D:3      | Noticed Grinder
  2066 | D:2      | Reached skill level 1 in Spellcasting
  2066 | D:2      | Reached skill level 1 in Conjurations
  2066 | D:2      | Reached XP level 4. HP: 33/38 MP: 5/5
  2173 | D:3      | Found Nasimnon's Weapon Boutique.
  2313 | D:4      | Found a bloodstained altar of Trog.
  2332 | D:4      | Noticed Sigmund
  2484 | D:3      | Found an opulent altar of Gozag.
  2516 | D:3      | Reached skill level 1 in Earth Magic
  2613 | D:3      | Found a glowing golden altar of the Shining One.
  2626 | D:3      | Offered knowledge of Fulminant Prism by Vehumet.
  2641 | D:3      | Learned a level 4 spell: Fulminant Prism
  2723 | D:3      | Reached XP level 5. HP: 45/45 MP: 7/7
  2726 | D:3      | Found a radiant altar of Vehumet.
  2732 | D:3      | Paralysed by Grinder for 4 turns
  2841 | D:3      | Paralysed by Grinder for 3 turns
  2848 | D:3      | Paralysed by Grinder for 4 turns
  3348 | D:4      | Reached skill level 1 in Hexes
  3805 | D:4      | You fall into a shaft and drop 2 floors!
  4019 | D:6      | Noticed an ogre
  4038 | D:6      | Noticed a phantom
  4050 | D:6      | Killed a phantom
  4051 | D:6      | Reached XP level 6. HP: 51/51 MP: 9/9
  4280 | D:6      | Reached **** piety under Vehumet
  4297 | D:6      | Noticed an orc warrior
  4333 | D:5      | Entered Level 5 of the Dungeon
  4371 | D:4      | Your scales start taking on a fiery red colour.
  4371 | D:4      | Reached XP level 7. HP: 27/57 MP: 10/10
  4371 | D:4      | Gained mutation: Your flesh is heat resistant. (rF+) [Red
                  | Draconian growth]
  4746 | D:4      | Killed Sigmund
  4796 | D:3      | Found an opulent altar of Gozag.
  4851 | D:3      | Found an ancient bone altar of Kikubaaqudgha.
  4898 | D:3      | Found Nasimnon's Weapon Boutique.
  5075 | D:3      | Found a radiant altar of Vehumet.
  5137 | D:3      | Found a glowing golden altar of the Shining One.
  5370 | D:2      | Paralysed by Grinder for 3 turns
  5379 | D:2      | Paralysed by Grinder for 5 turns
  5381 | D:2      | Killed Grinder
  5382 | D:2      | Reached skill level 5 in Conjurations
  6122 | D:5      | Reached XP level 8. HP: 56/63 MP: 11/11
  6260 | D:5      | Offered knowledge of Freezing Cloud by Vehumet.
  6267 | D:5      | Learned a level 5 spell: Freezing Cloud
  6338 | D:5      | Noticed Ijyb
  6365 | D:5      | Killed Ijyb
  6464 | D:5      | Reached skill level 1 in Air Magic
  7002 | D:5      | Found a shadowy altar of Dithmenos.
  7526 | D:6      | Found a broken altar of Ashenzari.
  7646 | D:6      | Reached skill level 4 in Fighting
  7779 | D:6      | Reached skill level 1 in Ice Magic
  8869 | D:4      | Reached XP level 9. HP: 34/69 MP: 14/14
  9008 | D:4      | Found a staircase to the Ecumenical Temple.
  9211 | D:7      | Found a flagged portal.
  9227 | Bailey   | Entered a bailey
  9599 | Bailey   | Found a large runed translucent door.
  9599 | Bailey   | Found a large runed translucent door.
  9600 | Bailey   | Noticed an orc knight
  9600 | Bailey   | Noticed a deep elf pyromancer
  9622 | Bailey   | Killed an orc knight
  9623 | Bailey   | Reached skill level 5 in Fighting
  9879 | Bailey   | Killed a deep elf pyromancer
  9880 | Bailey   | Reached skill level 5 in Spellcasting
  9912 | Bailey   | Identified the +5 mace "Fuas" {flame, Int+6 Dex-3 Stlth+}
 10530 | D:7      | Reached XP level 10. HP: 77/83 MP: 18/18
 11117 | D:1      | Bought a potion of might for 40 gold pieces
 11117 | D:1      | Bought a potion of brilliance for 40 gold pieces
 11117 | D:1      | Bought a potion of cancellation for 80 gold pieces
 11117 | D:1      | Bought a potion of invisibility for 80 gold pieces
 11117 | D:1      | Bought a potion of attraction for 30 gold pieces
 11489 | D:8      | Reached skill level 6 in Fighting
 11647 | D:8      | Found a glowing silver altar of Zin.
 11819 | D:8      | Found a runed translucent door.
 11820 | D:8      | Noticed lotum's ghost (novice DsHW)
 12099 | D:9      | Found a stormy altar of Qazlal.
 12273 | D:9      | Noticed a two-headed ogre
 12280 | D:9      | Killed a two-headed ogre
 12439 | D:9      | Found a runed translucent gate.
 12439 | D:9      | Found a runed translucent gate.
 12439 | D:9      | Found a runed translucent gate.
 12444 | D:9      | Noticed patfeehan111222's ghost (novice MiBe)
 12445 | D:9      | Noticed a gargoyle
 12452 | D:9      | Killed a gargoyle
 12514 | D:9      | Reached ***** piety under Vehumet
 12607 | D:9      | Found a staircase to the Lair.
 12615 | D:9      | Offered knowledge of Lee's Rapid Deconstruction by Vehumet.
 12657 | D:9      | Found Soni's Changing Room.
 12668 | D:9      | Found a shimmering altar of Xom.
 12669 | D:9      | Found a shimmering altar of Xom.
 12795 | D:9      | Found a shimmering altar of Xom.
 12796 | D:9      | Found a shimmering altar of Xom.
 12806 | D:9      | Found a shimmering altar of Xom.
 12836 | D:9      | Found a white marble altar of Elyvilon.
 12902 | D:9      | Reached skill level 5 in Hexes
 12903 | D:9      | Reached skill level 7 in Fighting
 13025 | D:10     | Entered Level 10 of the Dungeon
 13032 | D:10     | Reached skill level 1 in Transmutations
 13233 | D:10     | Found Moimuduss's Antique Armour Shop.
 13310 | D:10     | Found Rgasoqa's Retail Resort.
 13432 | D:10     | Found a hide-covered altar of Uskayaw.
 13435 | D:10     | Noticed a two-headed ogre
 13450 | D:10     | Killed a two-headed ogre
 13451 | D:10     | Reached XP level 11. HP: 92/92 MP: 21/21
 13638 | D:10     | Found a burning altar of Makhleb.
 13713 | D:10     | Found a shimmering blue altar of Sif Muna.
 13836 | D:9      | Bought a book of Alchemy for 364 gold pieces
 13842 | D:9      | Learned a level 5 spell: Irradiate
 13888 | D:9      | Noticed an entropy weaver
 13925 | D:11     | Reached skill level 8 in Fighting
 13979 | D:11     | Noticed a two-headed ogre
 13986 | D:11     | Killed a two-headed ogre
 14148 | D:11     | Noticed Gastronok
 14394 | Lair:1   | Entered Level 1 of the Lair of Beasts
 14560 | Lair:1   | Reached skill level 9 in Fighting
 14563 | Lair:1   | Reached skill level 5 in Transmutations
 14727 | Lair:1   | Identified the +7 sling of Death {flame, rF+++ rCorr Dex-4
                  | Stlth-}
 15109 | Lair:1   | Offered knowledge of Iron Shot by Vehumet.
 15117 | Lair:1   | Learned a level 6 spell: Iron Shot
 15228 | Lair:1   | Reached skill level 10 in Fighting
 15649 | Lair:2   | Found a frozen archway.
 15656 | IceCv    | Entered an ice cave
 16168 | IceCv    | Reached XP level 12. HP: 93/108 MP: 20/22
 16269 | IceCv    | Reached skill level 11 in Fighting
 16686 | IceCv    | Reached skill level 1 in Poison Magic
 17456 | Lair:2   | Found a hole to the Spider Nest.
 17462 | Lair:2   | Reached skill level 12 in Fighting
 18257 | Lair:2   | Reached skill level 5 in Poison Magic
 18507 | Lair:2   | Reached skill level 13 in Fighting
 18581 | Lair:2   | Found the +6 arbalest "Damnation" {damnation}
 19113 | D:11     | Found a staircase to the Orcish Mines.
 19130 | D:11     | Killed Gastronok
 19131 | D:11     | Reached XP level 13. HP: 85/122 MP: 24/24
 19669 | D:11     | Identified the amulet "Javunk" {Acrobat Int+2}
 19880 | D:11     | Offered knowledge of Ozocubu's Refrigeration by Vehumet.
 20148 | Orc:1    | Entered Level 1 of the Orcish Mines
 20252 | Orc:1    | You fall into a shaft and drop 1 floor!
 20252 | Orc:2    | Entered Level 2 of the Orcish Mines
 20598 | Orc:2    | Found Pogun's Firing Range.
 20971 | Orc:2    | Found a staircase to the Elven Halls.
 21087 | D:9      | Bought the Tome of Permutations for 520 gold pieces
 21094 | D:9      | Learned a level 6 spell: Eringya's Noxious Bog
 21345 | Lair:3   | Reached skill level 1 in Shields
 22086 | Lair:3   | Offered knowledge of Lightning Bolt by Vehumet.
 22087 | Lair:3   | Reached skill level 14 in Fighting
 22183 | Lair:3   | Reached skill level 10 in Conjurations
 22626 | Lair:3   | Found a staircase to the Shoals.
 23417 | Lair:5   | Entered Level 5 of the Lair of Beasts
 23469 | Lair:5   | Found a viscous altar of Jiyva.
 23476 | Lair:5   | Found a gate leading to a gauntlet.
 23485 | Gauntlet | Entered a Gauntlet
 23485 | Gauntlet | Found a transporter.
 23485 | Gauntlet | Found a transporter.
 23485 | Gauntlet | Found a transporter.
 23518 | Gauntlet | Found a transporter.
 23521 | Gauntlet | Found a transporter.
 23521 | Gauntlet | Found a transporter.
 23535 | Gauntlet | Found a transporter.
 23550 | Gauntlet | Found a transporter.
 23553 | Gauntlet | Found a transporter.
 23569 | Gauntlet | Found a transporter.
 23573 | Gauntlet | Found a transporter.
 23645 | Gauntlet | Found a transporter.
 23737 | Gauntlet | Paralysed by a floating eye for 3 turns
 23738 | Gauntlet | Gained mutation: Your magical capacity is low. (-10% MP) [a
                  | shining eye]
 23744 | Gauntlet | Identified the +0 pair of boots of Day {*Slow rElec MP-9
                  | Int+3}
 23784 | Gauntlet | Reached XP level 14. HP: 123/133 MP: 23/23
 23817 | Gauntlet | Lost mutation: Your magical capacity is low. (-10% MP)
                  | [potion of mutation]
 23817 | Gauntlet | Gained mutation: You passively map a small area around you.
                  | [potion of mutation]
 24011 | Gauntlet | Got the Guidebook on Geological Diablerie
 24822 | Lair:5   | Reached skill level 15 in Fighting
 24822 | Lair:5   | Reached skill level 5 in Dodging
 24955 | Lair:5   | Learned a level 3 spell: Ignite Poison
 25202 | Lair:5   | Found a large runed translucent door.
 25205 | Lair:5   | Found a large runed translucent door.
 25416 | Lair:5   | Found a staircase to the Slime Pits.
 26344 | Orc:1    | Reached skill level 5 in Earth Magic
 26909 | Orc:2    | Found Ino Geink's Distillery.
 26921 | Orc:2    | Reached ****** piety under Vehumet
 26921 | Orc:2    | Offered knowledge of Fireball by Vehumet.
 26923 | Orc:2    | Found Gaompif's General Store.
 27864 | Orc:2    | Paralysed by an orc sorcerer for 4 turns
 27881 | Orc:2    | Paralysed by an orc sorcerer for 5 turns
 28159 | Orc:2    | Found Niarax's Antique Weapon Boutique.
 28159 | Orc:2    | Found Buan's Book Shop.
 28160 | Orc:2    | Found a one-way gate leading to the halls of Pandemonium.
 28193 | Orc:2    | Bought the +9 long sword of Wuikhlopt {pain, Fragile Will-
                  | Int+9 SInv} for 1184 gold pieces
 28360 | D:12     | Found Nehexud's General Store.
 28368 | D:12     | Bought a scroll of teleportation for 30 gold pieces
 29610 | D:13     | Reached XP level 15. HP: 139/141 MP: 27/27
 30157 | D:14     | Noticed Rupert
 30157 | D:14     | Noticed Urug
 30157 | D:14     | Noticed Nessos
 30157 | D:14     | Found a gate to the Vaults.
 30159 | D:14     | Killed Nessos
 30160 | D:14     | Killed Urug
 30160 | D:14     | Killed Rupert
 30513 | D:14     | Identified the +4 rapier "Uviah" {chaos, rPois rF+ rC+
                  | Will-}
 30641 | D:14     | Found an ancient bone altar of Kikubaaqudgha.
 31504 | D:15     | Entered Level 15 of the Dungeon
 31874 | D:15     | Found a staircase to the Depths.
 31874 | D:15     | Noticed a frost giant
 32074 | D:15     | Reached skill level 10 in Dodging
 32074 | D:15     | Reached skill level 10 in Earth Magic
 32645 | D:15     | Upgraded the game from 0.30-a0-799-g109b55a442 to
                  | 0.30-a0-800-g7c544603b3
 32845 | Spider:1 | Entered Level 1 of the Spider Nest
 33116 | Spider:1 | Offered knowledge of Arcjolt by Vehumet.
 33543 | Spider:1 | Learned a level 6 spell: Statue Form
 34355 | Spider:2 | Reached XP level 16. HP: 149/149 MP: 29/29
 34498 | Spider:2 | Offered knowledge of Conjure Ball Lightning by Vehumet.
 34852 | Spider:2 | Reached skill level 10 in Spellcasting
 36186 | Spider:3 | Offered knowledge of Lehudib's Crystal Spear by Vehumet.
 36186 | Spider:3 | Offered knowledge of Fire Storm by Vehumet.
 36186 | Spider:3 | Offered knowledge of Maxwell's Capacitive Coupling by
                  | Vehumet.
 37639 | Spider:4 | Entered Level 4 of the Spider Nest
 38222 | Spider:4 | Reached XP level 17. HP: 144/156 MP: 32/32
 38771 | Spider:4 | Reached skill level 16 in Fighting
 40266 | Orc:2    | Bought a potion of resistance for 160 gold pieces
 40266 | Orc:2    | Bought a potion of magic for 128 gold pieces
 40266 | Orc:2    | Bought a potion of invisibility for 128 gold pieces
 40648 | Spider:4 | Got a gossamer rune of Zot
 40884 | Shoals:1 | Entered Level 1 of the Shoals
 41229 | Shoals:1 | Reached skill level 17 in Fighting
 41405 | Shoals:1 | Noticed Kirke
 41414 | Shoals:1 | Killed Kirke
 43619 | Shoals:3 | Noticed Ilsuiw
 43636 | Shoals:3 | Killed Ilsuiw
 43637 | Shoals:3 | Reached XP level 18. HP: 110/171 MP: 34/34
 43734 | Shoals:3 | Reached skill level 18 in Fighting
 44269 | Shoals:3 | Noticed Bai Suzhen
 44301 | Shoals:3 | Killed Bai Suzhen
 44884 | Shoals:4 | Entered Level 4 of the Shoals
 45709 | Shoals:4 | Noticed Donald
 45721 | Shoals:4 | Killed Donald
 45722 | Shoals:4 | Reached skill level 5 in Shields
 46025 | Shoals:4 | Paralysed by an air elemental for 1 turns
 46545 | Shoals:4 | Paralysed by an air elemental for 1 turns
 46637 | Shoals:4 | Noticed Polyphemus
 46645 | Shoals:4 | Killed Polyphemus
 46647 | Shoals:4 | Paralysed by an air elemental for 1 turns
 46772 | Shoals:4 | Found a shimmering blue altar of Sif Muna.
 46900 | Shoals:4 | Paralysed by an air elemental for 1 turns
 46901 | Shoals:4 | Reached skill level 19 in Fighting
 47094 | Shoals:4 | Got a barnacled rune of Zot
 47805 | Elf:1    | Entered Level 1 of the Elven Halls
 47876 | Elf:1    | Found a radiant altar of Vehumet.
 48395 | Elf:1    | Reached skill level 5 in Stealth
 48413 | Elf:1    | Reached XP level 19. HP: 166/183 MP: 13/35
 48604 | Elf:1    | Paralysed by an air elemental for 1 turns
 48751 | Elf:1    | Found Imaxereg's Antique Weapon Shop.
 48778 | Elf:1    | Reached skill level 15 in Dodging
 48891 | Elf:1    | Got Varchoime's Anthology of the Sinister Deep Freeze
 49795 | Elf:2    | Learned a level 5 spell: Yara's Violent Unravelling
 49849 | Elf:2    | Reached skill level 20 in Fighting
 50054 | Elf:2    | Found a runed translucent gate.
 50055 | Elf:2    | Found a runed translucent gate.
 50055 | Elf:2    | Found a runed translucent gate.
 50170 | Elf:3    | Entered Level 3 of the Elven Halls
 50176 | Elf:3    | Reached skill level 10 in Transmutations
 50681 | Elf:3    | Noticed Saint Roka
 50690 | Elf:3    | Killed Saint Roka
 52147 | Elf:3    | Identified the ring "Fyepett" {rPois rN+ rCorr Slay+2
                  | Stlth+}
 52410 | Elf:3    | Found the +0 staff of Battle
 53275 | Vaults:1 | Entered Level 1 of the Vaults
 53417 | Vaults:1 | Reached skill level 1 in Summonings
 53543 | Vaults:1 | Reached XP level 20. HP: 163/193 MP: 19/36
 54403 | Vaults:1 | Reached skill level 5 in Summonings
 54890 | Vaults:1 | Reached skill level 1 in Staves
 55353 | Vaults:2 | Found a crumbling gateway.
 55360 | Desolati | Entered the Desolation of Salt
 55456 | Desolati | Identified the ring of Othrom Xosky {rF+ rN+ Str+2}
 55488 | Desolati | Reached skill level 15 in Conjurations
 55687 | Desolati | Identified the +5 ring mail "Rath" {*Slow +Inv rC+ Str+2}
 55693 | Desolati | Identified the amulet of the Median {Acrobat Rampage
                  | Stlth+}
 56856 | Desolati | Got the Vellum of Turbulent Generation
 56989 | Desolati | Found the +8 longbow "Zephyr" {speed, Dex+3 SInv}
 57057 | Desolati | Got Hytug's Almanac of Puissant Position
 57328 | Vaults:2 | Reached skill level 5 in Staves
 57459 | Vaults:2 | Learned a level 7 spell: Spellforged Servitor
 58477 | Vaults:2 | Reached XP level 21. HP: 184/201 MP: 6/37
 59867 | Vaults:3 | Found Jonuil's Book Boutique.
 60071 | Vaults:3 | Found Vuopsaevy's General Store.
 60091 | Vaults:3 | Bought a potion of cancellation for 96 gold pieces
 60091 | Vaults:3 | Bought a scroll of immolation for 48 gold pieces
 60273 | Vaults:3 | Found a staircase to the Crypt.
 60865 | Vaults:3 | Found Alyth's Assorted Antiques.
 60868 | Vaults:3 | Bought a scroll of summoning for 370 gold pieces
 61074 | Vaults:3 | Found Noleut's General Store.
 61083 | Vaults:3 | Bought a potion of resistance for 140 gold pieces
 61083 | Vaults:3 | Bought a potion of brilliance for 56 gold pieces
 61858 | Vaults:3 | Reached skill level 10 in Summonings
 63589 | Vaults:4 | Reached skill level 10 in Staves
 63832 | Vaults:4 | Learned a level 8 spell: Lehudib's Crystal Spear
 64613 | Vaults:4 | Reached XP level 22. HP: 209/209 MP: 20/39
 65198 | Depths:1 | Entered Level 1 of the Depths
 65308 | Depths:1 | Found Ekatroeh's Book Emporium.
 65310 | Depths:1 | Found Petaf's Assorted Antiques.
 65343 | Depths:1 | Found Bunuume's Armour Emporium.
 65359 | Depths:1 | Identified the +1 pair of gloves of the New World {*Corrode
                  | rElec Str+8 Dex-3}
 65671 | Depths:1 | Found a gateway to Hell.
 66004 | Depths:1 | Found a huge runed gate.
 66004 | Depths:1 | Found a huge runed gate.
 66004 | Depths:1 | Found a huge runed gate.
 66005 | Depths:1 | Found a huge runed gate.
 66006 | Depths:1 | Found a huge runed gate.
 66007 | Depths:1 | Found a huge runed gate.
 66008 | Depths:1 | Found a huge runed gate.
 66009 | Depths:1 | Found a huge runed gate.
 66010 | Depths:1 | Found a huge runed gate.
 66091 | Depths:1 | Found a huge runed gate.
 66092 | Depths:1 | Found a huge runed gate.
 66093 | Depths:1 | Found a huge runed gate.
 66094 | Depths:1 | Found a huge runed gate.
 66095 | Depths:1 | Found a huge runed gate.
 66096 | Depths:1 | Found a huge runed gate.
 66097 | Depths:1 | Found a huge runed gate.
 66105 | Depths:1 | Found a huge runed gate.
 66105 | Depths:1 | Found a huge runed gate.
 66105 | Depths:1 | Found a huge runed gate.
 66105 | Depths:1 | Found a huge runed gate.
 66105 | Depths:1 | Found a huge runed gate.
 66105 | Depths:1 | Found a huge runed gate.
 66105 | Depths:1 | Found a huge runed gate.
 66106 | Depths:1 | Found a huge runed gate.
 66134 | Depths:1 | Found a huge runed gate.
 66187 | Depths:1 | Found a huge runed gate.
 66187 | Depths:1 | Found a huge runed gate.
 66187 | Depths:1 | Found a huge runed gate.
 66188 | Depths:1 | Found a huge runed gate.
 66189 | Depths:1 | Found a huge runed gate.
 66190 | Depths:1 | Found a huge runed gate.
 66191 | Depths:1 | Found a huge runed gate.
 66192 | Depths:1 | Found a huge runed gate.
 66193 | Depths:1 | Found a huge runed gate.
 66202 | Depths:1 | Found a huge runed gate.
 66202 | Depths:1 | Found a huge runed gate.
 66547 | Depths:2 | Identified the +0 plate armour of the Shoals {rC++}
 67072 | Depths:2 | Found a one-way gateway to a ziggurat.
 67108 | Depths:2 | Noticed a juggernaut
 67803 | Slime:1  | Entered Level 1 of the Pits of Slime
 67813 | Slime:1  | Reached skill level 1 in Fire Magic
 68324 | Slime:5  | Entered Level 5 of the Pits of Slime
 68425 | Slime:5  | Noticed the Royal Jelly
 68440 | Slime:5  | Killed the Royal Jelly
 68441 | Slime:5  | Reached skill level 5 in Fire Magic
 68725 | Slime:5  | Identified the +9 arbalest of a Gauntlet {speed, rC+}
 68731 | Slime:5  | Identified the +1 pair of gloves of New Discoveries {rPois
                  | MP+9 Int-3 Dex+3}
 68733 | Slime:5  | Got a slimy rune of Zot
 68739 | Slime:5  | Identified the amulet "Nochin" {Faith +Blink}
 69463 | Crypt:1  | Entered Level 1 of the Crypt
 69599 | Crypt:1  | Noticed Jory
 70791 | Crypt:1  | Found the +9 sword of Zonguldrok {reap}
 70813 | Crypt:1  | Reached skill level 10 in Fire Magic
 71958 | Crypt:2  | Reached XP level 23. HP: 194/215 MP: 11/40
 72997 | Crypt:3  | Entered Level 3 of the Crypt
 73420 | Crypt:2  | Learned a level 8 spell: Ignition
 73558 | Crypt:3  | Reached skill level 15 in Fire Magic
 74515 | Crypt:3  | Noticed a royal mummy
 75105 | Crypt:3  | Killed a royal mummy
 75641 | Crypt:3  | Found a staircase to the Tomb.
 76237 | Crypt:3  | Found the ring of Shadows {Umbra +Inv Stlth+}
 76248 | Crypt:3  | Identified the +3 quarterstaff "Daumiph" {venom, Str+6}
 76343 | Crypt:3  | Identified the +1 long sword "Vifes" {distort, rN+ Dex+4}
 76921 | Depths:2 | Noticed a caustic shrike
 76926 | Depths:2 | Killed a caustic shrike
 77280 | Depths:2 | Noticed a caustic shrike
 77289 | Depths:2 | Killed a caustic shrike
 77415 | Depths:2 | Killed a juggernaut
 77664 | Depths:2 | Identified the +0 buckler of Resonance {+Blink Will++ Int+3
                  | Stlth-}
 77676 | Depths:2 | Found a one-way gate to the infinite horrors of the Abyss.
 78907 | Depths:3 | Reached XP level 24. HP: 224/224 MP: 31/40
 79445 | Depths:3 | Noticed a juggernaut
 79452 | Depths:3 | Killed a juggernaut
 79718 | Depths:3 | Found a broken altar of Ashenzari.
 80110 | Depths:4 | Entered Level 4 of the Depths
 81615 | Depths:4 | Found Kiaheheq's Book Shoppe.
 81616 | Depths:4 | Found Uwouqu's Jewellery Boutique.
 81617 | Depths:4 | Found Tenegoh's Book Shoppe.
 81661 | Depths:4 | Found a portal to a secret trove of treasure.
 81724 | Depths:4 | Found a gate to the Realm of Zot.
 82907 | Depths:4 | Noticed a juggernaut
 83197 | Zot:1    | Entered Level 1 of the Realm of Zot
 83373 | Zot:1    | Reached skill level 21 in Fighting
 83997 | Zot:3    | Reached XP level 25. HP: 235/235 MP: 36/41
 84013 | Zot:3    | Noticed a Killer Klown
 84023 | Zot:3    | Killed a Killer Klown
 85589 | Zot:4    | Noticed a Killer Klown
 85590 | Zot:4    | Reached skill level 15 in Spellcasting
 85705 | Zot:4    | Killed a Killer Klown
 86839 | Zot:4    | Reached skill level 22 in Fighting
 87612 | Zot:5    | Entered Level 5 of the Realm of Zot
 88924 | Zot:5    | Noticed a Killer Klown
 88924 | Zot:5    | Noticed a Killer Klown
 88924 | Zot:5    | Noticed an orb of fire
 88924 | Zot:5    | Noticed a Killer Klown
 88924 | Zot:5    | Noticed an orb of fire
 88928 | Zot:5    | Killed a Killer Klown
 88928 | Zot:5    | Noticed an ancient lich
 88929 | Zot:5    | Killed a Killer Klown
 88934 | Zot:5    | Killed an orb of fire
 88936 | Zot:5    | Killed an orb of fire
 88941 | Zot:5    | Noticed a dread lich
 88953 | Zot:5    | Noticed an ancient lich
 88954 | Zot:5    | Killed a dread lich
 88956 | Zot:5    | Noticed a Killer Klown
 88958 | Zot:5    | Killed an ancient lich
 88959 | Zot:5    | Noticed an orb of fire
 88959 | Zot:5    | Noticed a dread lich
 88962 | Zot:5    | Killed a Killer Klown
 88967 | Zot:5    | Killed an orb of fire
 88968 | Zot:5    | Reached XP level 26. HP: 119/249 MP: 16/43
 88968 | Zot:5    | Killed a dread lich
 88972 | Zot:5    | Noticed an ancient lich
 88974 | Zot:5    | Killed an ancient lich
 88981 | Zot:5    | Reached skill level 23 in Fighting
 89669 | Zot:5    | Killed an ancient lich
 89839 | Zot:5    | Identified the +2 chain mail of Ignis's Generosity {Rampage
                  | rF+ Str-3}
 89883 | Zot:5    | Got the Orb of Zot
 90590 | D:$      | Escaped with the Orb!

Illustrated notes

Levels and vault maps discovered:
D:1:      ldierk_walled_garden, layout_basic,
          hellmonk_ecumenical_altar_pennies_from_heaven, serial_shops,
          nicolae_diamond_shop
D:2:      layout_basic
D:3:      layout_loops_ring, nicolae_tso_carved_into_rock,
          vehumet_altar_wand_db, nicolae_gozag_seed_capital,
          mainiacjoe_overflow_boulevard, serial_shops,
          nicolae_shop_bloodbath_and_beyond, uniq_grinder
D:4:      layout_loops_ring, lemuel_doored_altar, temple_hall, uniq_sigmund
D:5:      layout_layer_cave, marbit_many_paths, uniq_ijyb
D:6:      layout_basic, ashenzari_conservatory_becter, minmay_fountain_box
D:7:      layout_loops_corners, enter_bailey_5
D:8:      layout_basic, zin_scriptorium, ebering_ghost_reflecting_pool,
          serial_bayou_pond_d
D:9:      layout_gridville, nicolae_elyvilon_temple_path,
          nicolae_qazlal_scattered_showers, xom_shifter_show,
          erik_lair_orcish_takeover, gammafunk_ghost_spectres,
          nicolae_transmutations_shop
D:10:     layout_small_grid, nicolae_overflow_hidden_temple,
          amcnicky_altar_gilded, led_sif_pool, serial_shops,
          nicolae_shop_hallway_stairs, nicolae_alphabet_shops
D:11:     layout_irregular_city, david_orc_2, minmay_beelzebubs_servants,
          uniq_gastronok
D:12:     layout_loops_corners, serial_shops, shop_fountains
D:13:     layout_loops_ring
D:14:     lemuel_ice_statue, layout_irregular_city, david_vaults_3,
          kiku_gazebo_garden_becter
D:15:     grunt_enter_depths_snipers, layout_basic, palyth_stone_intersect
Lair:1:   layout_gridlike
Lair:2:   nzn_winding_woodlands_stair_trap
          [nzn_winding_woodlands_5x15_sidewinder,
          nzn_winding_woodlands_5x15_eye, nzn_winding_woodlands_5x15_default,
          nzn_winding_woodlands_15x15_boxy_spiral,
          nzn_winding_woodlands_5x15_crooked, nzn_winding_woodlands_5x15_cabin,
          nzn_winding_woodlands_5x15_zeroes], layout_chaotic_city,
          nicolae_spider_entry_tight_spaces,
          portal_ice_cave_entry_ice_simulacra, nicolae_quartered_pool_impasse,
          serial_bayou_pond_e
Lair:3:   layout_cave_pods, elwin_shoals_entry_rooms,
          grunt_forest_large_clearing_hut
Lair:4:   layout_big_grid, infiniplex_staircase_pool
Lair:5:   cheibrodos_lair_end_hotspot, layout_regular_city,
          minmay_slime_entry_oklob_open, gauntlet_entry_generic,
          lemuel_fruit_fields
Shoals:1: layout_shoals, uniq_kirke
Shoals:2: layout_shoals
Shoals:3: layout_shoals, nicolae_shoals_hidden_pirate_stash, uniq_ilsuiw,
          uniq_bai_suzhen
Shoals:4: shoals_end_hellmonk_storm_palace [storm_palace_center_circular,
          storm_palace_corner_grid, storm_palace_corner_pillars,
          storm_palace_corner_grid, storm_palace_corner_altar], uniq_donald,
          uniq_polyphemus
Spider:1: layout_spider_delve
Spider:2: layout_cave_pods, drop_trap
Spider:3: layout_spider_delve, drop_trap, nicolae_spider_bzzzt
Spider:4: spider_rune_water
Slime:1:  layout_caves
Slime:2:  layout_caves
Slime:3:  layout_caves
Slime:4:  layout_caves
Slime:5
Orc:1:    layout_caves
Orc:2:    pf_orc_diabolical, layout_caves, nicolae_shop_firing_range
Elf:1:    eino_elf_arrival_altar, layout_rooms, serial_shops,
          nicolae_shop_advertising_works [nicolae_subvault_shop_adworks],
          minmay_elf_crystal_heptagon, hangedman_elven_pyramids
Elf:2:    nicolae_elf_blades_crystal_corner, layout_rooms,
          dreamdust_wishing_well, small_statue_intersection
Elf:3:    minmay_elf_hall, layout_loops_corners, nicolae_elf_variegated_diamond,
          uniq_saint_roka
Vaults:1: vaults_standard_mumra_lines, nicolae_vaults_little_squares_2,
          nicolae_vaults_asterisk, ontoclasm_vaults_shuriken, st_hourglassy,
          vaults_room_grid, dpeg_vaults_monster_box, vaults_mumra_minichess,
          v_alt_pattern_3, nicolae_vaults_mini_display_case,
          vaults_room_grunt_arrival_checkpoint, v_pattern_5,
          ontoclasm_vaults_ring_square, layout_vaults_big_room
Vaults:2: portal_desolation_entry_nicolae_slug, nicolae_vaults_little_squares_1,
          grunt_vaults_hallway_short, nicolae_vaults_network_star, v_pattern_3,
          vaults_dpeg_hooks, ontoclasm_vaults_decontamination,
          vaults_room_hallway, vaults_dpeg_emergency_exit, v_misc_28,
          ontoclasm_vaults_ligature, nicolae_vaults_network_s,
          vaults_dpeg_cross, nicolae_vaults_little_ls, v_misc_11,
          layout_vaults_omnibox
Vaults:3: blue_anna_dwarven_crypt, v_misc_33, hangedman_vaults_snaps,
          vaults_room_grunt_arrival_ludios, nicolae_vaults_three_branches,
          dpeg_vaults_monster_row, v_rooms_6, nicolae_vaults_little_squares_5,
          v_misc_25, ontoclasm_vaults_pinch, nicolae_vaults_quartermaster,
          layout_vaults_omnicross, serial_shops, nicolae_shop_behind_doors,
          shop, shop, shop
Vaults:4: grunt_vaults_twisty, v_pattern_4, nicolae_vaults_alarming, v_misc_3,
          vaults_room_fours, layout_vaults_omnigrid
Crypt:1:  layout_gridlike, minmay_guarded_unrand_zonguldrok, uniq_jory
Crypt:2:  layout_rooms
Crypt:3:  due_elkab, layout_chaotic_city, nicolae_tomb_entry_grand_gallery
Depths:1: layout_cave_shapes, minmay_crystal_water, pf_coc_iceberg, door_vault,
          minmay_shop_star, serial_bayou_shore_b
Depths:2: hangedman_cross_cluster, layout_cave_pools, enter_ziggurat_f,
          pf_hell_entry_great_geh, grunt_pan_entry_in_and_out, abyss_entry
Depths:3: minmay_the_grid_square_5x5_3x3 [minmay_the_grid_square_5x5_corner,
          minmay_the_grid_square_5x5_gyroscope,
          minmay_the_grid_square_5x5_hourglass,
          minmay_the_grid_square_5x5_empty,
          minmay_the_grid_square_5x5_megaprize_crossed,
          minmay_the_grid_square_5x5_shrine1, minmay_the_grid_square_5x5_bridge,
          minmay_the_grid_square_5x5_eight, minmay_the_grid_square_5x5_detours],
          layout_cave_shapes, hellmouth_2, abyss_entry, nicolae_keep_em_comin,
          serial_bayou_shore_b, infiniplex_staircase_pool_2
Depths:4: grunt_twist_and_shout, layout_gridlike, pf_hell_entry_tar_river,
          grunt_pan_entry_sceptre, nicolae_trove_entry_isolated,
          chequers_serial_rivers_micro_d, minmay_shop_grove
Zot:1:    layout_cathedral_of_symmetry, st_large_dragon_hoard_2, uniq_grunn,
          uniq_tiamat
Zot:2:    layout_twisted_circle
Zot:3:    lemuel_draconian_sentries, layout_misc_corridors
Zot:4:    layout_gridlike, bh_zot_levy_curve, grunt_megastairs_5
Zot:5:    layout_misc_corridors, st_stairs_7, grunt_ministairs_1

Skill      XL: |  1  2  3  4  5  6  7  8  9 10 11 12 13 14 15 16 17 18 19 20 21 22 23 24 25 26 |
---------------+-------------------------------------------------------------------------------+-----
Stealth        | 2 3 4 5 6 7 |  7.5
Spellcasting   | 1 2 3 5 7 8 9 11 12 13 14 16 17 | 17.0
Conjurations   | 1 2 3 5 6 8 9 10 14 15 17 | 17.0
Earth Magic    | 1 8 11 13 | 13.3
Hexes          | 2 3 4 6 8 |  8.0
Air Magic      | 3 4 |  4.5
Fighting       | 4 5 7 10 13 14 15 17 19 20 21 22 23 | 23.4
Ice Magic      | 1 2 |  2.0
Transmutations | 2 7 8 9 10 | 10.0
Poison Magic   | 6 7 |  7.6
Shields        | 4 7 |  7.0
Dodging        | 4 8 10 13 14 15 16 19 20 22 | 22.5
Summonings     | 2 8 10 | 10.0
Staves         | 6 10 12 | 12.0
Fire Magic     | 11 18 | 18.0
Long Blades    | |  3.2
Translocations | |  0.3

Action                     |  1- 3 |  4- 6 |  7- 9 | 10-12 | 13-15 | 16-18 | 19-21 | 22-24 | 25-27 || total
---------------------------+-------+-------+-------+-------+-------+-------+-------+-------+-------++-------
  Melee: Falchion          |    15 |       |       |       |       |       |       |       |       ||    15
         Tailslap          |     6 |    16 |    18 |    28 |    39 |    29 |    58 |   141 |    15 ||   350
         Long sword        |    51 |   129 |    97 |       |    62 |   146 |     7 |       |       ||   492
         Punch             |       |     1 |     1 |     2 |     4 |       |       |       |       ||     8
         Scimitar          |       |       |    25 |    90 |       |       |       |       |       ||   115
         Mace              |       |       |       |    89 |   162 |       |       |       |       ||   251
         Staff             |       |       |       |       |       |       |   171 |   461 |    74 ||   706
  Throw: Dart              |    33 |    35 |     8 |     2 |       |       |       |       |       ||    78
         Throwing net      |       |     1 |       |       |       |       |       |       |       ||     1
   Cast: Freeze            |     4 |       |       |       |       |       |       |       |       ||     4
         Fulminant Prism   |       |     1 |     8 |     5 |       |       |       |       |       ||    14
         Freezing Cloud    |       |       |    11 |    61 |   140 |    82 |    27 |       |       ||   321
         Irradiate         |       |       |       |    39 |    64 |    81 |    65 |    38 |    10 ||   297
         Eringya's Noxious |       |       |       |       |    70 |    89 |    61 |    13 |       ||   233
         Iron Shot         |       |       |       |       |    28 |   221 |   377 |   477 |   189 ||  1292
         Ignite Poison     |       |       |       |       |    23 |    30 |    27 |     7 |       ||    87
         Statue Form       |       |       |       |       |     9 |    39 |    14 |    13 |     4 ||    79
         Yara's Violent Un |       |       |       |       |       |       |    18 |     7 |     1 ||    26
         Spellforged Servi |       |       |       |       |       |       |    15 |    49 |    24 ||    88
         Ignition          |       |       |       |       |       |       |       |    55 |    28 ||    83
Ability: Breathe Fire      |       |       |    23 |    20 |     8 |       |       |       |       ||    51
         End Transformatio |       |       |       |       |       |       |       |     1 |       ||     1
  Evoke: Wand              |       |    10 |       |     2 |       |    13 |     4 |       |     7 ||    36
         Phantom mirror    |       |       |       |       |       |       |     1 |       |       ||     1
    Use: Scroll            |     2 |     5 |     8 |     5 |     9 |     8 |     8 |    13 |     6 ||    64
         Potion            |     2 |     1 |       |     1 |     3 |     5 |    14 |     5 |    17 ||    48
   Stab: Sleeping          |     2 |     3 |     3 |    10 |     2 |       |     1 |       |       ||    21
         Petrified         |       |       |       |       |       |     1 |       |       |       ||     1
         Distracted        |       |       |       |       |       |       |     1 |     5 |       ||     6
 Armour: Skin              |    16 |    63 |    55 |   133 |   235 |   304 |   186 |   160 |    95 ||  1247
  Dodge: Dodged            |    60 |   119 |   122 |   214 |   569 |  1013 |   604 |   674 |   223 ||  3598
  Block: Buckler           |       |       |       |       |   116 |   299 |   305 |   330 |    67 ||  1117

Table legend: (Time is in decaauts)
 A = Elapsed time spent in this place.
 B = Non-inter-level travel time spent in this place.
 C = Inter-level travel time spent in this place.
 D = Time resting spent in this place.
 E = Time spent auto-exploring this place.
 F = Levels seen in this place.
 G = Mean time per level.
                   A        B        C        D        E       F      G
               +--------+--------+--------+--------+--------+-----+--------+
         Total |  93241 |  86786 |   6455 |   5122 |  67731 |  58 | 1607.6 |
       Dungeon |  20964 |  18266 |   2698 |    448 |  15113 |  15 | 1397.6 |
          Lair |   8655 |   7506 |   1149 |    309 |   6143 |   5 | 1731.0 |
        Shoals |   7337 |   6956 |    381 |     37 |   5693 |   4 | 1834.2 |
   Spider Nest |   8243 |   7729 |    514 |     24 |   6083 |   4 | 2060.8 |
    Slime Pits |   1279 |   1201 |     78 |    181 |    740 |   5 |  255.8 |
  Orcish Mines |   3122 |   2906 |    216 |      0 |   2348 |   2 | 1561.0 |
   Elven Halls |   5737 |   5489 |    248 |    501 |   4090 |   3 | 1912.3 |
        Vaults |  10320 |   9852 |    468 |    319 |   8225 |   4 | 2580.0 |
         Crypt |   7133 |   6924 |    209 |    413 |   5398 |   3 | 2377.7 |
        Depths |   9062 |   8800 |    262 |    774 |   6919 |   4 | 2265.5 |
           Zot |   7014 |   6787 |    227 |   1587 |   4002 |   5 | 1402.8 |
        Bailey |    754 |    754 |      0 |      0 |    547 |   1 |  754.0 |
      Ice Cave |   1288 |   1288 |      0 |    326 |    760 |   1 | 1288.0 |
    Desolation |   1751 |   1751 |      0 |     61 |   1368 |   1 | 1751.0 |
      Gauntlet |    575 |    575 |      0 |    141 |    296 |   1 |  575.0 |
               +--------+--------+--------+--------+--------+-----+--------+

Top non-repeatable levels by time:
Depths:4: 3145 daAuts
 Crypt:3: 3130 daAuts
  Lair:2: 2880 daAuts
Vaults:2: 2862 daAuts
Vaults:3: 2819 daAuts
Shoals:4: 2708 daAuts
Spider:4: 2628 daAuts
   Elf:3: 2456 daAuts
   Orc:2: 2408 daAuts
Vaults:4: 2405 daAuts
Spider:3: 2255 daAuts
Vaults:1: 2232 daAuts
   Zot:4: 2206 daAuts
Depths:2: 2185 daAuts
   Zot:3: 2146 daAuts
